 Dungeon Crawl Stone Soup version 0.28-a0-925-gd5e1996cdb (webtiles) character file.

Game seed: 4155982479479924838

6675 mcbry74 the Grappler (level 10, -9/91 HPs)
             Began as a Troll Fighter on Nov 26, 2021.
             Was an Elder of Qazlal.
             Mangled by an eight-headed hydra (14 damage)
             ... on level 10 of the Dungeon.
             The game lasted 00:32:54 (7762 turns).

mcbry74 the Grappler (Troll Fighter)                Turns: 7762, Time: 00:32:55

Health: -9/91      AC:  6    Str: 29    XL:     10   Next: 73%
Magic:  15/15      EV:  8    Int:  4    God:    Qazlal [****..]
Gold:   301        SH: 12    Dex:  9    Spells: 9/9 levels left

rFire   + . .      SeeInvis .   G - +2 morningstar
rCold   . . .      Faith    .   b - +0 kite shield
rNeg    . . .      Spirit   .   a - +0 robe
rPois   .          Reflect  .   l - +1 hat {Will+}
rElec   .          Harm     .   q - +0 cloak
rCorr   .          Rampage  .   (gloves unavailable)
Will    +....                   (boots unavailable)
Stlth   +.........              (no amulet)
HPRegen 1.05/turn               j - ring of protection from fire
MPRegen 0.14/turn               (no ring)

@: about to teleport, repel missiles
A: large, unfitting armour, claws 3, regeneration 1, shaggy fur 1, tough skin 1
a: Renounce Religion, Upheaval, Elemental Force


You were on level 10 of the Dungeon.
You worshipped Qazlal.
Qazlal was greatly pleased with you.
You visited 1 branch of the dungeon, and saw 10 of its levels.

You collected 301 gold pieces.

Inventory:

Hand Weapons
 m - a +1 mace of holy wrath
 B - the +4 hand axe "Hydrabane" {spect, rPois rC+ rN+ Dex+4}
   (You found it on level 9 of the Dungeon)

   When its wielder attacks, the weapon's spirit leaps out and strikes again.
   The spirit shares a part of any damage it takes with its wielder.
   Dex:       It affects your dexterity (+4).
   rC:        It protects you from cold.
   rPois:     It protects you from poison.
   rN:        It protects you from negative energy.
 F - a +4 dire flail
 G - a +2 morningstar (weapon)
Missiles
 u - a throwing net
 D - 8 large rocks
Armour
 a - a +0 robe (worn)
 b - a +0 kite shield (worn)
 l - a +1 hat of willpower (worn)
 q - a +0 cloak (worn)
Jewellery
 j - a ring of protection from fire (left claw)
 n - a ring of poison resistance
 I - a +6 ring of intelligence
Wands
 r - a wand of flame (3) (quivered)
 w - a wand of acid (9)
 y - a wand of digging (8)
 C - a wand of iceblast (10)
Scrolls
 e - a scroll of immolation
 g - 3 scrolls of teleportation
 h - 6 scrolls of enchant weapon
 o - a scroll of holy word
 x - a scroll of magic mapping
 A - a scroll of fog
 H - a scroll of identify
Potions
 c - 4 potions of might
 d - a potion of heal wounds
 f - 2 potions of mutation
 i - a potion of ambrosia {unknown}
 k - 2 potions of degeneration
 p - 2 potions of resistance {unknown}
 s - 2 potions of berserk rage
 t - a potion of haste {unknown}
 v - a potion of invisibility {unknown}
 z - 3 potions of brilliance
 E - a potion of curing


   Skills:
 + Level 3.5 Fighting
 + Level 3.5 Dodging
 - Level 2.4 Shields
 * Level 13.2 Unarmed Combat
 + Level 8.1 Invocations


You had 9 spell levels left.
You didn't know any spells.
Your spell library contained the following spells:

 Spells                   Type           Power      Damage    Failure   Level
 Foxfire                  Conj/Fire      0%         2x1d4     93%         1
 Magic Dart               Conj           0%         1d3       93%         1
 Sandblast                Erth           0%         2d4       93%         1
 Corpse Rot               Necr/Air       0%         N/A       98%         2
 Passwall                 Tmut/Erth      0%         N/A       98%         2
 Poisonous Vapours        Pois/Air       0%         N/A       98%         2
 Searing Ray              Conj           0%         2d4       98%         2
 Sublimation of Blood     Necr           0%         N/A       98%         2
 Conjure Flame            Conj/Fire      0%         6-21      100%        3
 Inner Flame              Hex/Fire       0%         N/A       100%        3
 Stone Arrow              Conj/Erth      0%         3d7       100%        3
 Flame Wave               Conj/Fire      0%         3d3       100%        4
 Fulminant Prism          Conj/Hex       0%         3d6       100%        4
 Passage of Golubria      Tloc           0%         N/A       100%        4
 Petrify                  Tmut/Erth      0%         N/A       100%        4
 Irradiate                Conj/Tmut      0%         3d13      100%        5
 Silence                  Hex/Air        0%         N/A       100%        5
 Lehudib's Crystal Spear  Conj/Erth      0%         10d2      100%        8


Dungeon Overview and Level Annotations

Branches:
Dungeon (10/15)            Temple (0/1) D:7            Lair (0/6) D:9
    Orc: D:9-12

Altars:
Ashenzari
Elyvilon
Fedhas
Gozag
Hepliaklqana
Nemelex Xobeh
Qazlal
Sif Muna
Wu Jian
Xom
Zin
The Shining One


Innate Abilities, Weirdness & Mutations

You are too large for most types of armour.
You have claws for hands.
Your natural rate of healing is unusually fast.
You are covered in fur. (AC +1)
You have tough skin. (AC +1)


Message History

The seven-headed hydra is lightly wounded.
There is an open door here.
You tear one of the seven-headed hydra's heads off!
The six-headed hydra grows two more!
You mangle the eight-headed hydra!!
The eight-headed hydra is moderately wounded.
The eight-headed hydra bites you. The eight-headed hydra bites you! x3
You block the eight-headed hydra's attack.
The eight-headed hydra bites you but does no damage.
The eight-headed hydra closely misses you.
The eight-headed hydra bites you.
There is an open door here.
G - a +2 morningstar (weapon)
You barely miss the eight-headed hydra.
The eight-headed hydra is lightly wounded.
The eight-headed hydra bites you!
You block the eight-headed hydra's attack.
The eight-headed hydra bites you.
The eight-headed hydra bites you but does no damage.
You block the eight-headed hydra's attack. x2
The eight-headed hydra bites you!
You block the eight-headed hydra's attack.
The eight-headed hydra barely misses you.
The eight-headed hydra bites you. The eight-headed hydra bites you! x2
* * * LOW HITPOINT WARNING * * *
The eight-headed hydra bites you!
* * * LOW HITPOINT WARNING * * *
You block the eight-headed hydra's attack.
The eight-headed hydra bites you.
* * * LOW HITPOINT WARNING * * *
The eight-headed hydra bites you!
* * * LOW HITPOINT WARNING * * *
As you read the scroll of teleportation, it crumbles to dust.
You feel strangely unstable.
You block the eight-headed hydra's attack.
The eight-headed hydra bites you but does no damage.
The eight-headed hydra barely misses you.
The eight-headed hydra bites you but does no damage.
You block the eight-headed hydra's attack.
The eight-headed hydra bites you!
You die...

########......#
#....(.# #......#
#......#
########).....#
#.......##########
#..§..§.#.........
#..§°.°.#.........
#....@D.'.........
#....§.°#.........
.....§....#....##..
..........#....#
..........#....#
..........#'#####
..........#.....# .##
##........#.....#.....
#.....'.....


You could see an eight-headed hydra.

Vanquished Creatures
  The ghost of Zgarb the Skirmisher, a novice OpDe of Gozag (D:8)
  Joseph (D:7)
  Grinder (D:5)
  A wyvern (D:7)
  7 yaks
  3 water moccasins
  An acid dragon (D:10)
  A hornet zombie (D:8)
  3 necrophages
  2 ogres
  A black bear (D:6)
  3 orc warriors (D:9)
  An ice beast (D:7)
  A sky beast (D:7)
  3 centaurs
  A phantom (D:5)
  3 kobold brigands
  4 bullfrogs
  A wyvern zombie (D:8)
  A gnoll sergeant (D:5)
  A scorpion (D:6)
  A water moccasin zombie (D:5)
  A water moccasin skeleton (D:5)
  A wyvern skeleton (D:7)
  6 killer bees
  10 wights
  A centaur zombie (D:10)
  A jelly (D:5)
  4 hounds
  A gnoll shaman (D:9)
  8 orc priests
  A centaur skeleton (D:6)
  An iguana (D:6)
  9 orc wizards
  A scorpion zombie (D:5)
  3 killer bee zombies
  A hound skeleton (D:4)
  2 howler monkey zombies (D:8)
  15 gnolls
  A howler monkey skeleton (D:7)
  6 adders
  A white imp (D:5)
  2 adder skeletons
  2 worms
  4 dart slugs
  36 orcs
  15 endoplasms
  2 giant cockroaches (D:1)
  6 goblins
  8 hobgoblins
  4 quokkas
  6 ball pythons
  4 bats (D:1)
  2 frilled lizards
  24 kobolds
  8 rats
239 creatures vanquished.

Notes
Turn   | Place    | Note
-------+----------+-------------------------------------------
     0 | D:1      | mcbry74 the Troll Fighter began the quest for the Orb.
     0 | D:1      | Reached XP level 1. HP: 22/22 MP: 0/0
    51 | D:1      | Reached XP level 2. HP: 26/29 MP: 1/1
   145 | D:1      | Reached skill level 3 in Unarmed Combat
   172 | D:1      | You fall into a shaft and drop 1 floor!
   376 | D:2      | Reached XP level 3. HP: 36/36 MP: 2/2
   757 | D:1      | Reached skill level 4 in Unarmed Combat
   999 | D:2      | Found a stormy altar of Qazlal.
  1004 | D:2      | Became a worshipper of Qazlal Stormbringer
  1151 | D:2      | Reached XP level 4. HP: 42/44 MP: 3/3
  1309 | D:3      | Noticed a necrophage
  1325 | D:3      | Killed a necrophage
  1326 | D:3      | Reached skill level 5 in Unarmed Combat
  1326 | D:3      | Reached skill level 1 in Invocations
  1326 | D:3      | Reached XP level 5. HP: 50/50 MP: 3/5
  1354 | D:3      | Found an ornate altar of the Wu Jian Council.
  1591 | D:3      | Found a faded altar of an unknown god.
  2179 | D:4      | Reached * piety under Qazlal
  2378 | D:4      | Reached XP level 6. HP: 38/59 MP: 6/6
  2420 | D:4      | Reached skill level 6 in Unarmed Combat
  2557 | D:4      | Found a stormy altar of Qazlal.
  2621 | D:4      | Found a blossoming altar of Fedhas.
  2816 | D:5      | Entered Level 5 of the Dungeon
  2841 | D:5      | Reached XP level 7. HP: 62/66 MP: 8/8
  2931 | D:5      | Reached skill level 7 in Unarmed Combat
  2957 | D:5      | Reached ** piety under Qazlal
  3011 | D:5      | Noticed Grinder
  3012 | D:5      | Paralysed by Grinder for 5 turns
  3022 | D:5      | Paralysed by Grinder for 5 turns
  3030 | D:5      | Killed Grinder
  3275 | D:5      | Reached skill level 8 in Unarmed Combat
  3332 | D:5      | Reached XP level 8. HP: 40/74 MP: 10/10
  3866 | D:6      | Reached skill level 9 in Unarmed Combat
  3911 | D:6      | Reached skill level 5 in Invocations
  4065 | D:6      | Reached skill level 10 in Unarmed Combat
  4077 | D:6      | Reached XP level 9. HP: 36/80 MP: 12/12
  4156 | D:6      | Found a white marble altar of Elyvilon.
  4261 | D:6      | Reached *** piety under Qazlal
  4551 | D:6      | Found a broken altar of Ashenzari.
  4741 | D:7      | Found a glowing golden altar of the Shining One.
  4796 | D:7      | Reached skill level 11 in Unarmed Combat
  4922 | D:7      | Found a shimmering altar of Xom.
  5008 | D:7      | Found a shimmering altar of Xom.
  5009 | D:7      | Found a shimmering altar of Xom.
  5010 | D:7      | Found a shimmering altar of Xom.
  5229 | D:7      | Noticed Joseph
  5253 | D:7      | Killed Joseph
  5254 | D:7      | Reached skill level 12 in Unarmed Combat
  5417 | D:7      | Found a staircase to the Ecumenical Temple.
  5582 | D:7      | Reached XP level 10. HP: 88/88 MP: 14/14
  5601 | D:7      | Found an opulent altar of Gozag.
  5669 | D:8      | Found a runed translucent gate.
  5670 | D:8      | Found a runed translucent gate.
  5671 | D:8      | Found a runed translucent gate.
  5671 | D:8      | Noticed Zgarb's ghost (novice OpDe)
  5687 | D:8      | Killed Zgarb's ghost
  5746 | D:8      | Found a sparkling altar of Nemelex Xobeh.
  5785 | D:8      | HP: 4/88 [hornet zombie (10)]
  6090 | D:8      | Identified a scroll of acquirement
  6090 | D:8      | Acquired a +1 hat of willpower
  6098 | D:8      | Found a shimmering blue altar of Sif Muna.
  6664 | D:9      | Reached **** piety under Qazlal
  6769 | D:9      | Reached skill level 13 in Unarmed Combat
  6776 | D:9      | Identified the +4 hand axe "Hydrabane" {spect, rPois rC+
                  | rN+ Dex+4}
  6865 | D:9      | Found a staircase to the Lair.
  6868 | D:9      | Found a hazy altar of Hepliaklqana.
  6995 | D:9      | Found a glowing silver altar of Zin.
  7523 | D:10     | Entered Level 10 of the Dungeon
  7746 | D:10     | Noticed a seven-headed hydra
  7760 | D:10     | HP: 3/91 [eight-headed hydra (8)]
  7762 | D:10     | Mangled by an eight-headed hydra

Illustrated notes

Levels and vault maps discovered:
D:1:      tarquinn_simple_flora_water_c, layout_loops_ring, st_stairs_2,
          hangedman_abyss_or_decor_stabs, hangedman_decor_slide_cut
D:2:      layout_loops_ring, basic_altar, kennysheep_nondescript
D:3:      layout_loops_ring, nzn_wu_jian_council_hall,
          ebering_ecumenical_altar_sacrificial, bh_walls_and_bars
D:4:      layout_rooms, mainiacjoe_overflow_six_doors_small, fedhas_altar_2,
          grunt_ministairs_12
D:5:      layout_loops_cross, uniq_grinder
D:6:      layout_loops_ring, ashenzari_altar_1, nicolae_overflow_hidden_temple
D:7:      layout_basic, mainiacjoe_overflow_alcove_4, xom_shifter_show,
          kennysheep_little_box, minmay_temple_entry_fiery,
          kennysheep_small_square, uniq_joseph
D:8:      layout_cave_pools, mainiacjoe_overflow_small_starburst,
          nicolae_sif_muna_condensation, ebering_ghost_rock_garden
D:9:      layout_grid_maze, mainiacjoe_overflow_concentric_impassable,
          mainiacjoe_overflow_alcove_2, lair_entry_dummy, minivault_23
D:10:     layout_gridville, minmay_the_grid_2x2 [minmay_the_grid_mess,
          minmay_the_grid_minigrid_medium, minmay_the_grid_diamond_grid,
          minmay_the_grid_prize_trominoes]

Skill      XL: |  1  2  3  4  5  6  7  8  9 10 |
---------------+-------------------------------+-----
Unarmed Combat | 3 4 5 6 8 10 12 13 | 13.2
Invocations    | 1 2 3 4 5 7 8 |  8.1
Fighting       | 3 |  3.5
Dodging        | 3 |  3.5
Shields        | |  2.4

Action                   |  1- 3 |  4- 6 |  7- 9 | 10-12 || total
-------------------------+-------+-------+-------+-------++-------
Melee: Unarmed           |   105 |   153 |   254 |   149 ||   661
       Morningstar       |       |       |       |     1 ||     1
Invok: Elemental Force   |       |       |     1 |       ||     1
Evoke: Wand              |       |       |    18 |     1 ||    19
  Use: Scroll            |       |       |     6 |    11 ||    17
       Potion            |       |       |     4 |     2 ||     6
Armor: Robe              |    25 |    26 |    42 |    42 ||   135
       Skin              |       |       |     3 |       ||     3
Dodge: Dodged            |    24 |    32 |    62 |    36 ||   154
Block: Kite shield       |    29 |    38 |   114 |    91 ||   272

Table legend: (Time is in decaauts)
 A = Elapsed time spent in this place.
 B = Non-inter-level travel time spent in this place.
 C = Inter-level travel time spent in this place.
 D = Time resting spent in this place.
 E = Time spent auto-exploring this place.
 F = Levels seen in this place.
 G = Mean time per level.
                   A        B        C        D        E       F      G
               +--------+--------+--------+--------+--------+-----+--------+
         Total |   7814 |   7627 |    187 |    758 |   5023 |  10 |  781.4 |
       Dungeon |   7814 |   7627 |    187 |    758 |   5023 |  10 |  781.4 |
               +--------+--------+--------+--------+--------+-----+--------+

Top non-repeatable levels by time:
     D:9: 1337 daAuts
     D:6: 994 daAuts
     D:7: 923 daAuts
     D:5: 908 daAuts
     D:3: 880 daAuts
     D:1: 722 daAuts
     D:4: 651 daAuts
     D:2: 595 daAuts
     D:8: 561 daAuts
    D:10: 239 daAuts
